 Dungeon Crawl Stone Soup version 0.26-a0-812-g31a745ddcd (webtiles) character file.

Game seed: 7966223126905788590

235030 Ge0ff the Warrior (level 19, -7/186 HPs)
             Began as a Human Fighter on Nov 14, 2020.
             Was an Elder of Elyvilon.
             Splashed by a tengu reaver's acid (10 damage)
             ... on level 1 of the Vaults.
             The game lasted 02:00:12 (46048 turns).

Ge0ff the Warrior (Human Fighter)                  Turns: 46048, Time: 02:00:12

Health: -7/186     AC: 31    Str: 26    XL:     19   Next: 92%
Magic:  33/40      EV: 12    Int: 11    God:    Elyvilon [****..]
Gold:   2741       SH: 19    Dex: 19    Spells: 18/18 levels left

rFire    + . .     SeeInvis .   a - +5 war axe of Huvaozxa {flame, MR++ MP+9 Str+4}
rCold    . . .     Faith    .   c - +0 kite shield
rNeg     + . .     Spirit   .   w - +11 plate armour of Buhelois {Str+3}
rPois    +         Reflect  +   Q - +2 helmet {Int+3}
rElec    .         Harm     .   X - +2 cloak {rPois}
rCorr    .         Rampage  .   n - +2 pair of gloves
MR       +++..                  S - +1 pair of boots {Fly}
Stlth    ..........             I - amulet of reflection
HPRegen  0.41/turn              A - ring of positive energy
MPRegen  0.27/turn              r - ring of protection from fire {=R}

@: divinely vigorous, marked, corroded, flying
A: no striking features
}: 2/15 runes: decaying, barnacled
a: Lesser Healing, Heal Other, Purification, Greater Healing, Divine Protection,
Renounce Religion, Stop Flying


You were on level 1 of the Vaults.
You worshipped Elyvilon.
Elyvilon was greatly pleased with you.
You visited 6 branches of the dungeon, and saw 31 of its levels.
You also visited: Gauntlet.

You collected 3885 gold pieces.
You spent 1144 gold pieces at shops.

Inventory:

Hand Weapons
 a - the +5 war axe of Huvaozxa (weapon) {flame, MR++ MP+9 Str+4}
   (You found it on level 9 of the Dungeon)

   It has been specially enchanted to burn those struck by it, causing extra
   injury to most foes and up to half again as much damage against particularly
   susceptible opponents.
   Big, fiery blades are also staple armaments of hydra-hunters.
   It affects your strength (+4).
   It affects your resistance to hostile enchantments.
   It affects your magic capacity (+9).
 b - a +8 eveningstar of flaming
Missiles
 g - 3 throwing nets {=f}
 h - 73 boomerangs (quivered)
 v - 4 curare-tipped darts {=f}
 y - 41 javelins
 G - 44 silver javelins
Armour
 c - a +0 kite shield (worn)
 n - a +2 pair of gloves (worn)
 w - the +11 plate armour of Buhelois (worn) {Str+3}
   (You bought it in a shop on level 7 of the Dungeon)

   It affects your strength (+3).
 Q - a +2 helmet of intelligence (worn)
 S - a +1 pair of boots of flying (worn)
 X - a +2 cloak of poison resistance (worn)
Jewellery
 r - a ring of protection from fire (right hand) {=R}
 x - the ring of Reimbursement {Ice Dex+4}
   (You found it on level 6 of the Lair of Beasts)

   [ring of ice]

   It enhances your ice magic.
   It affects your dexterity (+4).
   It makes you vulnerable to fire.
   It protects you from cold.
 A - a ring of positive energy (left hand)
 B - the amulet of the Air {Inacc +Fly rElec EV+5 RMsl}
   (You found it in a Gauntlet)

   [amulet of inaccuracy]

   It reduces the accuracy of all your attacks.
   It affects your evasion (+5).
   It insulates you from electricity.
   It lets you fly.
   It protects you from missiles.
 F - an uncursed ring of see invisible
 I - an amulet of reflection (around neck)
Wands
 d - a wand of digging (4)
 e - a wand of enslavement (27)
 j - a wand of acid (36)
 k - a wand of iceblast (51)
 p - a wand of paralysis (11)
 P - a wand of polymorph (39)
Scrolls
 i - 9 scrolls of identify
 m - 5 scrolls of magic mapping
 u - 2 scrolls of holy word
 C - 14 scrolls of remove curse
 J - a scroll of silence {!r}
Potions
 o - 2 potions of ambrosia
 q - 16 potions of curing
 z - 2 potions of brilliance
 D - 2 potions of attraction
 H - 4 potions of haste {!q}
 K - 3 potions of magic {!q}
 L - 5 potions of lignification
 M - 7 potions of might
 N - a potion of cancellation {!q}
 W - 5 potions of heal wounds {!q}
 Z - 3 potions of berserk rage {!q}
Miscellaneous
 l - a lightning rod (1/4)
 t - a tin of tremorstones (inert)
 O - a box of beasts
 U - a phantom mirror


   Skills:
 * Level 15.1 Fighting
 - Level 14.7(16.6) Axes
 - Level 13.4(16.0) Maces & Flails
 + Level 7.2 Throwing
 + Level 12.4 Armour
 - Level 7.0 Dodging
 + Level 11.9 Shields
 - Level 10.0 Invocations
 + Level 10.6 Evocations


You had 18 spell levels left.
You didn't know any spells.
Your spell library contained the following spells:

 Spells                   Type           Power        Failure   Level
 Animate Skeleton         Necr           #.....       99%         1
 Apportation              Tloc           #.....       99%         1
 Corona                   Hex            #......      99%         1
 Magic Dart               Conj           #...         99%         1
 Pain                     Necr           #...         99%         1
 Summon Small Mammal      Summ           #...         99%         1
 Blink                    Tloc           N/A          99%         2
 Call Imp                 Summ           #.......     99%         2
 Ensorcelled Hibernation  Hex/Ice        #.....       99%         2
 Poisonous Vapours        Pois/Air       #.....       99%         2
 Slow                     Hex            #.......     99%         2
 Confusing Touch          Hex            #.......     100%        3
 Conjure Flame            Conj/Fire      #.......     100%        3
 Dazzling Flash           Conj/Hex       #.....       100%        3
 Gell's Gravitas          Tloc           #.........   100%        3
 Mephitic Cloud           Conj/Pois/Air  #.......     100%        3
 Tukima's Dance           Hex            #.......     100%        3
 Vampiric Draining        Necr           #.........   100%        3
 Animate Dead             Necr           #.........   100%        4
 Cause Fear               Hex            #.........   100%        4
 Ice Form                 Ice/Tmut       #.......     100%        4
 Leda's Liquefaction      Hex/Erth       #.........   100%        4
 Petrify                  Tmut/Erth      #.......     100%        4
 Agony                    Necr           #.......     100%        5
 Bolt of Magma            Conj/Fire/Erth #.........   100%        5
 Metabolic Englaciation   Hex/Ice        #.........   100%        5
 Silence                  Hex/Air        #.........   100%        5
 Yara's Violent Unravell  Hex/Tmut       #.........   100%        5
 Freezing Cloud           Conj/Ice/Air   #.........   100%        6
 Iron Shot                Conj/Erth      #.........   100%        6
 Ozocubu's Refrigeration  Ice            #.........   100%        6
 Simulacrum               Ice/Necr       #.........   100%        6
 Statue Form              Tmut/Erth      #........    100%        6
 Discord                  Hex            #.........   100%        8
 Shatter                  Erth           #.........   100%        9


Dungeon Overview and Level Annotations

Branches:
Dungeon (15/15)            Temple (1/1) D:5            Lair (6/6) D:9
  Swamp (4/4) Lair:2       Shoals (4/4) Lair:2        Slime (0/5) Lair:6
    Orc (0/2) D:12         Vaults (1/5) D:14         Depths (0/5) D:15
Gauntlet (visited)

Altars:
Ashenzari
Cheibriados
Dithmenos
Elyvilon
Fedhas
Gozag
Hepliaklqana
Kikubaaqudgha
Makhleb
Nemelex Xobeh
Okawaru
Qazlal
Ru
Sif Muna
Trog
Uskayaw
Vehumet
Wu Jian
Xom
Yredelemnul
Zin
The Shining One
Beogh

Shops:
D:7 [   Shoals:3 [

Portals:
Bazaar: Vaults:1

Annotations:
D:12 exclusion: downstairs
Lair:1 stash
Vaults:1 perm. bazaar, 36 runed doors


Message History

You are healed.
The orc knight no longer looks unusually strong.
You block the orc knight's attack.
The yaktaur captain hits you but does no damage.
You block the orc knight's attack.
The tengu reaver hits you with a +0 long sword.
* * * LOW HITPOINT WARNING * * *
The tengu reaver pecks you but does no damage.
The tengu reaver claws you but does no damage.
Use which ability? (? or * to list)
You are healed.
The yaktaur captain hits you!!
* * * LOW HITPOINT WARNING * * *
The orc knight hits you with a +2 glaive!
* * * LOW HITPOINT WARNING * * *
The tengu reaver points at you and mumbles some strange words.
The bolt of acid hits you!!
* * * LOW HITPOINT WARNING * * *
The acid corrodes you!
You are splashed with acid!
You die...

......p....#........#............
.)(.(......#........#............
###........#####+####..##########
#........p.(().......#
#..##########.(......#
#..#........#...*....#
###..#........#.)......##########
..'..#........#.oo.....#.........
#.#..#........#Q@......#.........
#.#..'†.......#(c......'.........
..#..#........#.)......#.....).†.
###..#........#........#......∩..
.##..##########........#.........
.##....................#.........
###....................##########
######################


You could see a tengu reaver (strong), a yaktaur captain (strong), 2 orc knights
and a battlesphere.

Vanquished Creatures
  Nikola (Shoals:4)
  A kraken (Shoals:3)
  Frances (D:12)
  A thorn hunter (Swamp:3)
  Kirke (D:15)
  A fire giant (D:15)
  A deep elf sorcerer (Vaults:1)
  A vault warden (Vaults:1)
  5 ironheart preservers (Vaults:1)
  2 stone giants (Vaults:1)
  The ghost of nano the Covert, a journeyman DsDe of Uskayaw (Lair:3)
  Azrael (D:15)
  The ghost of blobbo the Martial Artist, a journeyman GnTm of Wu Jian (Lair:2)
  A minotaur (Gauntlet)
  A bunyip (Swamp:4)
  4 eleionomae
  A deep elf death mage (Vaults:1)
  10 merfolk impalers
  A fire dragon (Vaults:1)
  5 merfolk javelineers
  3 yaktaur captains
  6 merfolk avatars
  3 boulder beetles
  3 rakshasas (Vaults:1)
  18 hydras
  A catoblepas (Lair:6)
  2 ghost crabs (Swamp:2)
  7 centaur warriors
  9 two-headed ogres
  5 ogre magi (Vaults:1)
  11 alligators
  5 satyrs
  8 merfolk aquamancers
  4 death yaks (Lair:6)
  A deep troll shaman (Lair:6)
  2 tengu warriors
  Nergalle (D:10)
  A shadow wraith (Vaults:1)
  11 sea snakes
  A sixfirhy (Gauntlet)
  13 swamp dragons
  2 death drakes
  3 unseen horrors (Vaults:1)
  2 glowing orange brains (Vaults:1)
  A deep elf archer (Vaults:1)
  3 spriggan druids
  4 bog bodies
  A wizard (D:15)
  9 harpies
  5 orc knights
  3 ironbrand convokers (Vaults:1)
  5 deep elf magi
  A mana viper (Lair:1)
  6 fauns
  3 will-o-the-wisps
  An orc sorcerer (Vaults:1)
  4 oklob plants (Lair:5)
  16 manticores
  20 ugly things
  An elephant (shapeshifter) (D:15)
  7 cyclopes
  3 moths of wrath
  A guardian serpent (D:14)
  An ice statue (Vaults:1)
  A gargoyle (D:13)
  2 black mambas (Lair:6)
  6 merfolk sirens
  5 water nymphs
  14 elephants
  A torpor snail (Gauntlet)
  2 vault sentinels (Vaults:1)
  12 cane toads
  8 rime drakes
  10 komodo dragons
  4 yaktaurs
  A redback zombie (D:13)
  A freezing wraith (Vaults:1)
  4 polar bears
  A queen bee (Gauntlet)
  A tengu conjurer (D:14)
  A wind drake (Shoals:2)
  35 merfolk
  9 trolls
  18 tyrant leeches
  Prince Ribbit (D:7)
  5 hornets
  8 slime creatures
  13 dream sheep
  8 snapping turtles
  7 wraiths
  3 wyverns
  6 spriggans
  10 water elementals
  4 hogs (D:15)
  71 yaks
  4 basilisks
  A fire elemental (D:15)
  A steam dragon (D:11)
  9 vampire mosquitoes
  A harpy simulacrum (Vaults:1)
  16 swamp worms
  A warg (D:15)
  An acid dragon (Vaults:1)
  A soldier ant (shapeshifter) (Vaults:1)
  6 water moccasins
  5 hell hounds (D:15)
  18 orc warriors
  13 swamp drakes
  5 sky beasts
  4 ice beasts
  2 eyes of draining
  2 black bears
  A black mamba simulacrum (Lair:2)
  16 ogres
  4 necrophages
  2 phantoms
  A boggart (Lair:3)
  A tengu (Shoals:2)
  24 centaurs
  20 wolves
  A big kobold (D:9)
  19 bullfrogs
  A cane toad simulacrum (Lair:2)
  A wyvern skeleton (D:12)
  A ballistomycete (Lair:3)
  7 scorpions
  A blink frog simulacrum (Lair:2)
  18 killer bees
  An elephant simulacrum (Lair:2)
  26 wights
  6 electric eels
  9 howler monkeys
  3 bullfrog zombies
  A quasit (D:15)
  A wyvern simulacrum (D:13)
  3 centaur skeletons
  3 bullfrog skeletons
  11 orc priests
  7 hounds
  10 jellies
  6 iguanas
  17 orc wizards
  8 worker ants
  Ijyb (D:5)
  A bullfrog simulacrum (Lair:2)
  A basilisk simulacrum (Lair:2)
  A hound zombie (D:10)
  A hound skeleton (D:4)
  13 adders
  3 gnolls (D:3)
  A howler monkey skeleton (D:4)
  2 river rats
  2 shadow imps
  3 white imps
  4 ufetubi
  2 oozes (D:3)
  An adder skeleton (D:4)
  4 worms
  2 dart slugs
  4 leopard geckos
  98 orcs
  3 ball pythons
  A ball python (shapeshifter) (D:13)
  7 bats
  5 giant cockroaches
  8 goblins
  15 hobgoblins
  12 jackals
  6 quokkas
  9 frilled lizards
  A jackal zombie (D:6)
  17 kobolds
  A leopard gecko skeleton (D:5)
  A quokka skeleton (D:4)
  9 rats
  A spectral orc (D:5)
  A briar patch (Swamp:3)
  3 bushes
  2 tentacles (Shoals:3)
1096 creatures vanquished.

Vanquished Creatures (others)
  An alligator (Swamp:2)
  A harpy (Shoals:4)
  A deep elf mage (Vaults:1)
  A manticore (Shoals:3)
  A merfolk (Shoals:3)
  A snapping turtle (Shoals:3)
  A vampire (D:15)
  A quokka (D:2)
  A frilled lizard (D:2)
  A briar patch (Swamp:3)
  2 bushes (Shoals:4)
  10 foxfires
  24 fungi
  163 plants
  4 tentacles (Shoals:3)
213 creatures vanquished.

Grand Total: 1309 creatures vanquished

Notes
Turn   | Place    | Note
-------+----------+-------------------------------------------
     0 | D:1      | Ge0ff the Human Fighter began the quest for the Orb.
     0 | D:1      | Reached XP level 1. HP: 18/18 MP: 1/1
   262 | D:1      | Reached skill level 1 in Dodging
   262 | D:1      | Reached XP level 2. HP: 24/24 MP: 2/2
   741 | D:1      | Reached XP level 3. HP: 27/29 MP: 3/3
  1319 | D:2      | Reached XP level 4. HP: 35/35 MP: 4/4
  1709 | D:2      | Found a white marble altar of Elyvilon.
  1714 | D:2      | Became a worshipper of Elyvilon the Healer
  2052 | D:3      | Found a faded altar of an unknown god.
  2211 | D:3      | Reached XP level 5. HP: 38/41 MP: 5/5
  2295 | D:3      | Reached skill level 5 in Maces & Flails
  2891 | D:3      | Reached * piety under Elyvilon
  2979 | D:3      | Reached XP level 6. HP: 44/47 MP: 6/6
  3092 | D:3      | Found a sparkling altar of Nemelex Xobeh.
  3698 | D:4      | Reached skill level 1 in Invocations
  3750 | D:4      | Found an opulent altar of Gozag.
  3750 | D:4      | Found a blossoming altar of Fedhas.
  3778 | D:4      | Found a hide-covered altar of Uskayaw.
  3886 | D:4      | Reached skill level 1 in Throwing
  3886 | D:4      | Reached XP level 7. HP: 52/52 MP: 8/8
  3983 | D:4      | Reached ** piety under Elyvilon
  4474 | D:4      | Got an ancient scale mail
  4485 | D:4      | Identified the +4 scale mail of Thoughtfulness {rCorr MP+9
                  | Int+4} (You found it on level 4 of the Dungeon)
  4817 | D:5      | Entered Level 5 of the Dungeon
  5091 | D:5      | Found a radiant altar of Vehumet.
  5226 | D:5      | Reached XP level 8. HP: 35/58 MP: 9/9
  5426 | D:5      | Found a staircase to the Ecumenical Temple.
  5448 | Temple   | Entered the Ecumenical Temple
  5866 | D:5      | Found a burning altar of Makhleb.
  5978 | D:5      | Noticed Ijyb
  5984 | D:5      | Killed Ijyb
  6046 | D:5      | Found a basalt altar of Yredelemnul.
  6091 | D:5      | Reached *** piety under Elyvilon
  6339 | D:6      | Reached XP level 9. HP: 48/63 MP: 10/10
  6542 | D:6      | Reached skill level 1 in Evocations
  7447 | D:7      | Noticed a two-headed ogre
  7463 | D:7      | Killed a two-headed ogre
  7463 | D:7      | Reached skill level 4 in Fighting
  7609 | D:7      | Reached skill level 5 in Armour
  7784 | D:7      | Found a glowing golden altar of the Shining One.
  7895 | D:7      | Found Foduefio's Antique Armour Shop.
  7920 | D:7      | Reached XP level 10. HP: 73/73 MP: 12/12
  8064 | D:7      | Noticed Prince Ribbit
  8079 | D:7      | Killed Prince Ribbit
  8079 | D:7      | Reached skill level 10 in Maces & Flails
  8079 | D:7      | Reached skill level 5 in Shields
  8181 | D:7      | Reached **** piety under Elyvilon
  8202 | D:7      | Reached skill level 5 in Fighting
  9553 | D:8      | Found a shimmering altar of Xom.
 10549 | D:8      | Reached skill level 6 in Fighting
 10887 | D:9      | Reached XP level 11. HP: 81/81 MP: 13/13
 10893 | D:9      | Found a staircase to the Lair.
 11808 | D:9      | Got a brightly glowing war axe
 11809 | D:9      | Identified the +5 war axe of Huvaozxa {flame, MR++ MP+9
                  | Str+4} (You found it on level 9 of the Dungeon)
 11884 | D:9      | Found a shimmering blue altar of Sif Muna.
 12093 | D:9      | Noticed a two-headed ogre
 12111 | D:9      | Killed a two-headed ogre
 12330 | D:9      | Found a shadowy altar of Dithmenos.
 12423 | D:10     | Entered Level 10 of the Dungeon
 12429 | D:10     | Noticed Nergalle
 12446 | D:10     | Killed Nergalle
 12474 | D:10     | Found a shimmering altar of Xom.
 12855 | D:10     | Reached skill level 7 in Fighting
 13056 | D:10     | Reached ***** piety under Elyvilon
 13538 | D:10     | Found a blossoming altar of Fedhas.
 14005 | D:11     | Noticed a seven-headed hydra
 14014 | D:11     | Killed a three-headed hydra
 14014 | D:11     | Reached skill level 5 in Dodging
 14291 | D:11     | Noticed a two-headed ogre
 14302 | D:11     | Killed a two-headed ogre
 14302 | D:11     | Reached XP level 12. HP: 79/91 MP: 15/15
 14680 | D:11     | Reached skill level 5 in Axes
 14909 | D:11     | Reached skill level 5 in Invocations
 15016 | D:11     | HP: 3/91 [red ugly thing (23)]
 15288 | D:11     | Noticed Urug
 15290 | D:11     | Noticed Urug
 15290 | D:11     | Urug changed into Urug the manticore
 15297 | D:11     | Noticed a two-headed ogre
 15306 | D:11     | Killed Urug the manticore
 15322 | D:11     | Killed a two-headed ogre
 15635 | D:7      | Bought a smelly plate armour for 532 gold pieces
 15635 | D:7      | Identified the +11 plate armour of Buhelois {Str+3} (You
                  | bought it in a shop on level 7 of the Dungeon)
 15760 | D:11     | Reached skill level 8 in Fighting
 16246 | Lair:1   | Entered Level 1 of the Lair of Beasts
 16246 | Lair:1   | Noticed Maggie
 16250 | D:9      | Noticed Maggie
 16250 | D:9      | Maggie changed into Maggie the killer bee
 16251 | D:9      | Killed Maggie the killer bee
 16482 | Lair:1   | Noticed Erica
 16483 | Lair:1   | Noticed Erica
 16483 | Lair:1   | Erica changed into Erica the mana viper
 16494 | Lair:1   | Killed Erica the mana viper
 17033 | Lair:1   | Noticed a four-headed hydra
 17040 | Lair:1   | Killed a one-headed hydra
 17244 | Lair:1   | Noticed a seven-headed hydra
 17251 | Lair:1   | Killed a four-headed hydra
 17251 | Lair:1   | Reached XP level 13. HP: 81/98 MP: 17/17
 17816 | Lair:2   | Reached skill level 10 in Axes
 18102 | Lair:2   | Found a staircase to the Swamp.
 18204 | Lair:2   | Got a dazzling short sword
 18219 | Lair:2   | Found a runed translucent gate.
 18219 | Lair:2   | Found a runed translucent gate.
 18219 | Lair:2   | Found a runed translucent gate.
 18232 | Lair:2   | Found a staircase to the Shoals.
 18327 | Lair:2   | You fall into a shaft and drop 2 floors!
 18545 | Lair:3   | Found a runed translucent door.
 18565 | Lair:3   | Noticed a six-headed hydra
 18572 | Lair:3   | Killed a two-headed hydra
 18590 | Lair:3   | Noticed nano's ghost (journeyman DsDe)
 18590 | Lair:3   | Identified the cursed +1 spear of Eternity {freeze, Dex+2}
 18668 | Lair:2   | Noticed blobbo's ghost (journeyman GnTm)
 18825 | Lair:2   | Reached ****** piety under Elyvilon
 19261 | Lair:3   | Noticed a seven-headed hydra
 19270 | Lair:3   | Killed a two-headed hydra
 19614 | Lair:3   | Noticed a seven-headed hydra
 19621 | Lair:3   | Killed a five-headed hydra
 21037 | Lair:4   | Got a smoking ring mail
 21053 | Lair:3   | Identified the cursed +1 ring mail of Grace {*Slow rF++}
                  | (You found it on level 4 of the Lair of Beasts)
 21842 | Lair:5   | Reached XP level 14. HP: 102/105 MP: 18/18
 21986 | Lair:5   | Found a sparkling altar of Nemelex Xobeh.
 23180 | Lair:6   | Entered Level 6 of the Lair of Beasts
 23312 | Lair:6   | Identified a scroll of acquirement
 23313 | Lair:6   | Acquired 804 gold pieces
 23579 | Lair:6   | Found a staircase to the Slime Pits.
 24586 | Lair:6   | Reached skill level 9 in Fighting
 24744 | Lair:6   | Reached skill level 5 in Evocations
 24952 | Lair:6   | Got a bloodstained arbalest
 24955 | Lair:6   | Got a sparkling iron ring
 24958 | Lair:6   | Identified the ring of Reimbursement {Ice Dex+4} (You found
                  | it on level 6 of the Lair of Beasts)
 25343 | Lair:2   | Killed blobbo's ghost
 25350 | Lair:2   | Got the ring of Xyzeb {Fire}
 25352 | Lair:2   | Identified the ring of Xyzeb {Fire rPois MR- Dex+3 Slay+2}
                  | (You found it on level 2 of the Lair of Beasts)
 25421 | Lair:3   | Reached XP level 15. HP: 103/113 MP: 20/20
 25449 | Lair:3   | Killed nano's ghost
 25796 | D:12     | Found a gate leading to a gauntlet.
 25810 | Gauntlet | Entered a Gauntlet
 25810 | Gauntlet | Found a transporter.
 25810 | Gauntlet | Found a transporter.
 25814 | Gauntlet | Found a transporter.
 25815 | Gauntlet | Found the amulet of the Air {Inacc +Fly rElec EV+5 RMsl}
 25830 | Gauntlet | Found a transporter.
 25831 | Gauntlet | Found a transporter.
 25831 | Gauntlet | Found a transporter.
 25840 | Gauntlet | Found a transporter.
 25840 | Gauntlet | Found a transporter.
 25845 | Gauntlet | Found a transporter.
 25845 | Gauntlet | Found a large runed translucent door.
 25881 | Gauntlet | Found a transporter.
 25899 | Gauntlet | Found a transporter.
 25903 | Gauntlet | Found a large runed translucent door.
 25938 | Gauntlet | Found a transporter.
 25940 | Gauntlet | Found a large runed translucent door.
 25940 | Gauntlet | Found a large runed translucent door.
 25941 | Gauntlet | Found a large runed translucent door.
 25941 | Gauntlet | Found a large runed translucent door.
 25942 | Gauntlet | Found a large runed translucent door.
 25942 | Gauntlet | Found a runed translucent door.
 25942 | Gauntlet | Found a runed translucent door.
 25942 | Gauntlet | Found a large runed translucent door.
 25942 | Gauntlet | Found a large runed translucent door.
 25943 | Gauntlet | Found a large runed translucent door.
 25943 | Gauntlet | Found a large runed translucent door.
 25946 | Gauntlet | Found a large runed translucent door.
 25946 | Gauntlet | Found a large runed translucent door.
 25948 | Gauntlet | Found a large runed translucent door.
 25948 | Gauntlet | Found a large runed translucent door.
 25948 | Gauntlet | Found a large runed translucent door.
 25950 | Gauntlet | Found a runed translucent gate.
 25950 | Gauntlet | Found a runed translucent gate.
 25950 | Gauntlet | Found a runed translucent gate.
 25952 | Gauntlet | Found a transporter.
 26039 | Gauntlet | Found a transporter.
 26054 | Gauntlet | Found a transporter.
 26068 | Gauntlet | Found a transporter.
 26541 | Gauntlet | Got a faintly humming hat
 26552 | Gauntlet | Identified the cursed +0 hat of Xediasa {rElec rPois rF-
                  | Int+4} (You found it in a Gauntlet)
 27054 | D:12     | Noticed Frances
 27070 | D:12     | Killed Frances
 27070 | D:12     | Reached skill level 5 in Throwing
 27301 | D:12     | Found a roughly hewn altar of Beogh.
 27310 | D:12     | Found a staircase to the Orcish Mines.
 27977 | D:13     | Reached skill level 10 in Fighting
 28862 | D:13     | You fall into a shaft and drop 1 floor!
 28862 | D:14     | Found a frozen archway.
 30031 | D:14     | Reached XP level 16. HP: 123/123 MP: 21/21
 30096 | D:14     | Found a gate to the Vaults.
 30440 | D:15     | Entered Level 15 of the Dungeon
 30513 | D:15     | Noticed Azrael
 30517 | D:15     | Killed Azrael
 30638 | D:15     | Noticed Kirke
 30667 | D:15     | Killed Kirke
 30861 | D:15     | Found a staircase to the Depths.
 30861 | D:15     | Noticed a fire giant
 30881 | D:15     | Killed a fire giant
 30905 | D:15     | Reached skill level 11 in Fighting
 31078 | D:15     | Found a hide-covered altar of Uskayaw.
 32083 | Swamp:1  | Entered Level 1 of the Swamp
 32474 | Swamp:1  | Reached skill level 10 in Armour
 33743 | Swamp:2  | Got an iridescent shortbow
 34491 | Swamp:3  | Reached XP level 17. HP: 145/152 MP: 26/26
 34654 | Swamp:3  | Got a shimmering hand crossbow
 34660 | Swamp:3  | Noticed a thorn hunter
 34682 | Swamp:3  | Killed a thorn hunter
 35167 | Swamp:4  | Entered Level 4 of the Swamp
 35645 | Swamp:4  | Reached skill level 12 in Fighting
 36196 | Swamp:3  | Reached skill level 10 in Shields
 36639 | Swamp:4  | Got a decaying rune of Zot
 36982 | Shoals:1 | Entered Level 1 of the Shoals
 37475 | Shoals:1 | Identified the cursed +1 chain mail of Impermeability {rN+}
 38430 | Shoals:2 | Reached XP level 18. HP: 90/142 MP: 25/25
 38750 | Shoals:2 | Reached skill level 13 in Fighting
 39723 | Shoals:3 | Reached skill level 10 in Invocations
 40354 | Shoals:3 | Found Vupag's Antique Armour Emporium.
 40363 | Shoals:3 | Bought a pair of runed boots for 270 gold pieces
 40363 | Shoals:3 | Bought a smouldering chain mail for 342 gold pieces
 40363 | Shoals:3 | Identified the cursed +0 chain mail of the Skies Above
                  | {rElec Str-2 Int+9 Stlth-} (You bought it in a shop on
                  | level 3 of the Shoals)
 40687 | Shoals:3 | Noticed a kraken
 40699 | Shoals:3 | Killed a kraken
 41601 | Shoals:4 | Entered Level 4 of the Shoals
 42364 | Shoals:4 | Noticed Nikola
 42398 | Shoals:4 | Killed Nikola
 42732 | Shoals:4 | Reached skill level 14 in Fighting
 43154 | Shoals:4 | Reached XP level 19. HP: 140/152 MP: 26/26
 43542 | Shoals:4 | Got a barnacled rune of Zot
 44160 | Vaults:1 | Entered Level 1 of the Vaults
 44368 | Vaults:1 | Reached skill level 10 in Evocations
 44874 | Vaults:1 | Found a gateway to a bazaar.
 45344 | Vaults:1 | Found a huge runed gate.
 45344 | Vaults:1 | Found a huge runed gate.
 45344 | Vaults:1 | Found a huge runed gate.
 45344 | Vaults:1 | Found a huge runed gate.
 45344 | Vaults:1 | Found a huge runed gate.
 45344 | Vaults:1 | Found a huge runed gate.
 45344 | Vaults:1 | Found a huge runed gate.
 45345 | Vaults:1 | Found a huge runed gate.
 45345 | Vaults:1 | Found a huge runed gate.
 45345 | Vaults:1 | Found a huge runed gate.
 45363 | Vaults:1 | Found a huge runed gate.
 45363 | Vaults:1 | Found a huge runed gate.
 45363 | Vaults:1 | Found a huge runed gate.
 45363 | Vaults:1 | Found a huge runed gate.
 45363 | Vaults:1 | Found a huge runed gate.
 45363 | Vaults:1 | Found a huge runed gate.
 45363 | Vaults:1 | Found a huge runed gate.
 45364 | Vaults:1 | Found a huge runed gate.
 45368 | Vaults:1 | Found a huge runed gate.
 45376 | Vaults:1 | Found a huge runed gate.
 45376 | Vaults:1 | Found a huge runed gate.
 45376 | Vaults:1 | Found a huge runed gate.
 45376 | Vaults:1 | Found a huge runed gate.
 45376 | Vaults:1 | Found a huge runed gate.
 45376 | Vaults:1 | Found a huge runed gate.
 45376 | Vaults:1 | Found a huge runed gate.
 45377 | Vaults:1 | Found a huge runed gate.
 45378 | Vaults:1 | Found a huge runed gate.
 45594 | Vaults:1 | Found a huge runed gate.
 45594 | Vaults:1 | Found a huge runed gate.
 45594 | Vaults:1 | Found a huge runed gate.
 45594 | Vaults:1 | Found a huge runed gate.
 45594 | Vaults:1 | Found a huge runed gate.
 45594 | Vaults:1 | Found a huge runed gate.
 45594 | Vaults:1 | Found a huge runed gate.
 45595 | Vaults:1 | Found a huge runed gate.
 46011 | Vaults:1 | Reached skill level 15 in Fighting
 46048 | Vaults:1 | HP: 3/186 [tengu reaver/bolt of acid (30)]
 46048 | Vaults:1 | Splashed by a tengu reaver's acid

Illustrated notes

Levels and vault maps discovered:
D:1:      elethiomel_arrival_maze, layout_loops_ring, minmay_misc_feat_rugged,
          minmay_misc_feat_more_columns
D:2:      layout_rooms, elyvilon_altar_4
D:3:      layout_basic, chequers_ecumenical_altar_simple_redux,
          nemelex_xobeh_ov_fountains_minmay
D:4:      layout_cave_pods, gammafunk_temple_overflow_forgotten
D:5:      layout_loops_corners, bloody_makhleb, vehumet_crystals,
          yredelemnul_forgotten_temple_becter,
          minmay_temple_entry_drinking_statues, uniq_ijyb
D:6:      layout_cave_pools, chequers_decorated_corner
D:7:      layout_loops_ring, lemuel_round_altar, serial_shops,
          nicolae_shop_overgrown_old_shop, uniq_prince_ribbit1
D:8:      layout_basic, tgw_xom
D:9:      layout_cross, grunt_dithmenos_shadows, old_standard_altar,
          erik_lair_island, minmay_bent
D:10:     layout_layer_cave, basic_altar, kennysheep_minor_cross,
          minmay_misc_feat_iff, fedhas_altar_3, uniq_nergalle
D:11:     layout_basic, uniq_urug
D:12:     layout_loops_ring, david_orc_5, gauntlet_entry_generic,
          kennysheep_small_square, uniq_frances
D:13:     layout_roguey, hangedman_corner_corridor
D:14:     cheibrodos_orc_bank, layout_loops_ring, david_vaults_2,
          portal_ice_cave_rime, hex_tiny, nrook_guardian_serpent_double
D:15:     grunt_enter_depths_giant_problem, layout_basic, kennysheep_doodads,
          minivault_5, nrook_uturn, lemuel_tele_altar, uniq_azrael, uniq_kirke
Temple:   chequers_temple_sunken
Lair:1:   layout_gridlike, st_stairs_9, minivault_11, uniq_maggie, uniq_erica
Lair:2:   layout_cellular_growth, minmay_swamp_entry_worms,
          elwin_shoals_entry_rocks, gammafunk_ghost_icy
Lair:3:   layout_layer_cave, ebering_ghost_funeral_grove,
          minmay_lair_oklob_bushes, cheibrodos_lair_reptile_den
Lair:4:   layout_cave_pods
Lair:5:   layout_loops_ring, basic_altar, lemuel_fruit_tree,
          lemuel_fruit_fields, minmay_lair_oklob_chamber, lemuel_fruit_fields
Lair:6:   grunt_lair_end_beastmaster, layout_gridlike,
          minmay_slime_entry_pillars, small_statue_intersection,
          serial_bayou_shore_a
Swamp:1:  layout_basic_swamp, nicolae_swamp_treefoil
Swamp:2:  layout_basic_swamp, serial_swamp_ruin, evilmike_swamp_ruin_house_3,
          evilmike_swamp_ruin_house_5, evilmike_swamp_ruin_house_6, swamp_pool4,
          infiniplex_staircase_pool
Swamp:3:  layout_falls_marsh, nicolae_swamp_very_dense_foliage, swamp_pool5,
          worms_lemuel
Swamp:4:  swamp, layout_basic_swamp, swamp_pool1, hangedman_swamp_blocks,
          statue_in_the_mist_lemuel
Shoals:1: layout_shoals, nicolae_shoals_wave_tunnel
Shoals:2: layout_shoals, ldierk_geyser
Shoals:3: layout_shoals, serial_shops, shop, nicolae_shoals_aquamancer_cove
Shoals:4: shoals_end_simple, layout_shoals, yaktaur_hedge, uniq_nikola
Vaults:1: nicolae_vaults_little_squares_4, ontoclasm_vaults_bender,
          vaults_room_grid, vaults_door_vault, vaults_mumra_minichess,
          nicolae_vaults_network_star, nicolae_vaults_network_s,
          ontoclasm_vaults_twist, v_misc_12, vaults_room_pool,
          ontoclasm_vaults_gateway, grunt_vaults_hallway_long,
          layout_vaults_omnicross, serial_shops, statue_bzr

Skill      XL: |  1  2  3  4  5  6  7  8  9 10 11 12 13 14 15 16 17 18 19 |
---------------+----------------------------------------------------------+-----
Dodging        | 1 2 3 5 6 7 |  7.0
Maces & Flails | 3 4 5 7 9 10 11 12 13 | 13.4
Invocations    | 1 2 3 4 5 6 7 8 9 10 | 10.0
Throwing       | 1 2 3 4 5 6 7 |  7.2
Shields        | 4 5 6 7 8 9 10 11 | 11.9
Armour         | 4 5 6 7 8 9 10 11 12 | 12.4
Evocations     | 2 3 4 5 6 7 8 9 10 | 10.6
Fighting       | 4 6 7 8 9 10 11 12 14 15 | 15.1
Axes           | 4 9 13 14 | 14.7

Action                   |  1- 3 |  4- 6 |  7- 9 | 10-12 | 13-15 | 16-18 | 19-21 || total
-------------------------+-------+-------+-------+-------+-------+-------+-------++-------
Melee: Flail             |    99 |   200 |   321 |   306 |       |       |       ||   926
       Hand axe          |       |       |       |    36 |       |       |       ||    36
       War axe           |       |       |       |   312 |   956 |  1119 |   273 ||  2660
       Eveningstar       |       |       |       |       |       |    54 |    40 ||    94
Throw: Stone             |     5 |   129 |    81 |   121 |       |       |       ||   336
       Dart              |       |     7 |    66 |   112 |   216 |    84 |     2 ||   487
       Throwing net      |       |       |     1 |       |       |     2 |       ||     3
       Javelin           |       |       |       |     2 |    18 |    47 |       ||    67
       Boomerang         |       |       |       |    92 |   146 |   211 |    82 ||   531
Invok: Lesser Healing    |       |       |     8 |     9 |     8 |    14 |     2 ||    41
       Heal Other        |       |       |       |     2 |       |     5 |     1 ||     8
       Purification      |       |       |       |     1 |       |     5 |     2 ||     8
       Greater Healing   |       |       |       |     5 |     1 |     9 |     5 ||    20
       Divine Vigour     |       |       |       |       |     2 |     6 |     1 ||     9
 Abil: Evoke Flight      |       |       |       |     1 |       |     1 |       ||     2
Evoke: Wand              |       |     1 |     2 |    26 |    49 |    90 |     3 ||   171
       Phantom mirror    |       |       |       |       |     2 |     1 |       ||     3
       Tin of tremorston |       |       |       |       |     3 |     8 |     4 ||    15
       Lightning rod     |       |       |       |       |     4 |    23 |     6 ||    33
  Use: Scroll            |       |     7 |    12 |     5 |    15 |     4 |     6 ||    49
       Potion            |       |       |       |       |     1 |     4 |       ||     5
 Stab: Held in net/web   |       |       |     1 |       |       |     1 |       ||     2
       Petrified         |       |       |       |       |     2 |       |       ||     2
       Distracted        |       |       |       |       |       |     1 |     1 ||     2
       Paralysed         |       |       |       |       |       |     3 |       ||     3
Armor: Scale mail        |    55 |    67 |    80 |    43 |       |       |       ||   245
       Chain mail        |       |       |       |   187 |       |       |       ||   187
       Plate armour      |       |       |       |    49 |   295 |   482 |   153 ||   979
Dodge: Dodged            |    36 |    39 |    74 |   179 |   165 |   296 |   108 ||   897
       Repelled          |       |       |       |       |       |     1 |       ||     1
Block: Kite shield       |    60 |    39 |    86 |   601 |   601 |   949 |   263 ||  2599
       Buckler           |       |    13 |    64 |       |       |       |       ||    77
       Reflection        |       |       |     4 |    29 |    17 |   115 |    17 ||   182

Table legend: (Time is in decaauts)
 A = Elapsed time spent in this place.
 B = Non-inter-level travel time spent in this place.
 C = Inter-level travel time spent in this place.
 D = Time resting spent in this place.
 E = Time spent auto-exploring this place.
 F = Levels seen in this place.
 G = Mean time per level.
                   A        B        C        D        E       F      G
               +--------+--------+--------+--------+--------+-----+--------+
         Total |  46099 |  43083 |   3016 |   1529 |  30103 |  32 | 1440.6 |
       Dungeon |  22235 |  20427 |   1808 |    667 |  14001 |  15 | 1482.3 |
        Temple |     75 |     48 |     27 |      0 |     26 |   1 |   75.0 |
          Lair |   9278 |   8678 |    600 |    288 |   6616 |   6 | 1546.3 |
         Swamp |   4870 |   4692 |    178 |    253 |   3191 |   4 | 1217.5 |
        Shoals |   7016 |   6615 |    401 |    241 |   4546 |   4 | 1754.0 |
        Vaults |   1802 |   1802 |      0 |      0 |   1292 |   1 | 1802.0 |
      Gauntlet |    819 |    819 |      0 |     80 |    429 |   1 |  819.0 |
               +--------+--------+--------+--------+--------+-----+--------+

Top non-repeatable levels by time:
     D:8: 2595 daAuts
    D:11: 2473 daAuts
Shoals:4: 2063 daAuts
Shoals:1: 2011 daAuts
  Lair:3: 1997 daAuts
Vaults:1: 1802 daAuts
 Swamp:3: 1793 daAuts
  Lair:6: 1754 daAuts
  Lair:2: 1702 daAuts
Shoals:3: 1660 daAuts
    D:10: 1653 daAuts
  Lair:5: 1571 daAuts
     D:3: 1564 daAuts
     D:9: 1446 daAuts
     D:5: 1441 daAuts
